 Dungeon Crawl Stone Soup version 0.27.1-3-gb3d3a73c9e (webtiles) character file.

Game seed: 3787315608222519344

139929 loralnil the Black Belt (level 17, -14/161 HPs)
             Began as a Merfolk Transmuter on Oct 6, 2021.
             Was the Champion of Makhleb.
             Killed from afar by Roxanne (62 damage)
             ... with an iron shot
             ... on level 15 of the Dungeon.
             The game lasted 00:52:09 (31856 turns).

loralnil the Black Belt (Merfolk Transmuter)       Turns: 31856, Time: 00:52:10

Health: -14/161    AC: 28    Str: 12    XL:     17   Next: 29%
Magic:  35/38      EV: 24    Int: 19    God:    Makhleb [******]
Gold:   1306       SH:  5    Dex: 22    Spells: 8/32 levels left

rFire    . . .     SeeInvis .     - Unarmed
rCold    . . .     Faith    .   (no shield)
rNeg     + . .     Spirit   .   (armour currently unavailable)
rPois    ∞         Reflect  +   h - +2 hat {Stlth+}
rElec    +         Harm     .   k - +0 cloak
rCorr    .         Rampage  .   (gloves currently unavailable)
Will     +....                  (boots currently unavailable)
Stlth    +++.......             W - amulet of reflection
HPRegen  0.36/turn              B - ring of magical power
MPRegen  0.26/turn              I - ring of Eriol {rElec Int+6 Dex+3}

@: statue-form, very slow
A: slow and powerful, torment resistance 1, boosted hp, (nimble swimmer 2),
mertail
a: End Transformation, Renounce Religion, Minor Destruction, Lesser Servant of
Makhleb, Major Destruction, Greater Servant of Makhleb


You were on level 15 of the Dungeon.
You worshipped Makhleb.
Makhleb was exalted by your worship.
You were a living statue of rough stone.
You visited 4 branches of the dungeon, and saw 24 of its levels.
You also visited: Bailey.

You collected 2237 gold pieces.
You spent 931 gold pieces at shops.

Inventory:

Hand Weapons
 G - the +7 sceptre of Torment {pain, torment}
   (You found it on level 10 of the Dungeon)

   In the hands of one skilled in necromantic magic, it inflicts extra damage on
   living creatures.
   It occasionally torments all nearby living foes when it strikes in combat.
Armour
 b - a +0 pair of gloves (melded)
 c - a +2 pair of boots (melded)
 h - a +2 hat of stealth (worn)
 k - a +0 cloak (worn)
 q - a +3 leather armour of poison resistance (melded)
 M - +0 fire dragon scales
Magical Staves
 p - a staff of poison
Jewellery
 B - a ring of magical power (left fist)
 D - a ring of willpower
 F - an amulet of regeneration
 I - the ring of Eriol (right fist) {rElec Int+6 Dex+3}
   (You found it in a bailey)

   [ring of intelligence]

   Int:       It affects your intelligence (+6).
   Dex:       It affects your dexterity (+3).
   rElec:     It insulates you from electricity.
 R - a ring of flight
 W - an amulet of reflection (around neck)
Wands
 a - a wand of polymorph (15)
 o - a wand of acid (51)
 r - a wand of flame (56)
 y - a wand of iceblast (36)
 C - a wand of paralysis (18)
 E - a wand of charming (21)
Scrolls
 d - a scroll of magic mapping
 e - 8 scrolls of teleportation
 g - 2 scrolls of immolation
 i - 3 scrolls of summoning
 s - 2 scrolls of torment
 t - a scroll of vulnerability {unknown}
 u - 3 scrolls of fog
 x - 2 scrolls of brand weapon
 A - 3 scrolls of blinking
 L - 3 scrolls of silence
 N - a scroll of acquirement {unknown}
 S - 3 scrolls of amnesia {unknown}
 T - a scroll of enchant armour
 U - a scroll of noise {unknown}
 V - a scroll of fear
Potions
 f - 3 potions of lignification
 j - 2 potions of attraction
 l - 3 potions of flight
 n - a potion of cancellation
 v - 3 potions of brilliance
 w - 5 potions of curing
 z - 5 potions of ambrosia
 H - 3 potions of heal wounds
 J - a potion of mutation {unknown}
 O - a potion of haste
 P - a potion of resistance {unknown}
 Q - 2 potions of magic {unknown}


   Skills:
 - Level 8.4 Fighting
 - Level 15.0 Dodging
 - Level 16.0 Unarmed Combat
 - Level 8.3 Spellcasting
 - Level 14.0 Transmutations
 + Level 5.4 Fire Magic
 - Level 5.0 Ice Magic
 - Level 8.0 Earth Magic
 - Level 8.0 Poison Magic
 - Level 8.0 Invocations


You had 8 spell levels left.
You knew the following spells:

 Your Spells              Type           Power      Damage    Failure   Level
a - Beastly Appendage     Tmut           100%       N/A       1%          1
b - Wereblood             Tmut           57%        N/A       1%          2
c - Spider Form           Tmut/Pois      24%        N/A       1%          3
d - Sting                 Tmut/Pois      100%       1d8       1%          1
e - Ice Form              Ice/Tmut       44%        N/A       1%          4
f - Statue Form           Tmut/Erth      32%        N/A       14%         6
g - Olgreb's Toxic Radia  Pois           38%        N/A       3%          4
h - Ignite Poison         Fire/Tmut/Pois 42%        N/A       1%          3

Your spell library contained the following spells:

 Spells                   Type           Power      Damage    Failure   Level
 Petrify                  Tmut/Erth      49%        N/A       1%          4
 Poisonous Vapours        Pois/Air       46%        N/A       2%          2
 Foxfire                  Conj/Fire      72%        2x1d7     3%          1
 Magic Dart               Conj           28%        1d4       9%          1
 Conjure Flame            Conj/Fire      18%        6-21      9%          3
 Inner Flame              Hex/Fire       18%        N/A       9%          3
 Mephitic Cloud           Conj/Pois/Air  18%        N/A       9%          3
 Corpse Rot               Necr/Air       N/A        N/A       14%         2
 Searing Ray              Conj           14%        3d3       14%         2
 Eringya's Noxious Bog    Tmut/Pois      24%        N/A       16%         6
 Leda's Liquefaction      Hex/Erth       11%        N/A       17%         4
 Dragon Form              Tmut           28%        N/A       24%         7
 Sticky Flame             Conj/Fire      18%        2d4       28%         4
 Bolt of Magma            Conj/Fire/Erth 12%        4d8       36%         5
 Cause Fear               Hex            3%         N/A       65%         4
 Dispel Undead            Necr           7%         3d8       65%         4
 Fulminant Prism          Conj/Hex       3%         3d6       65%         4
 Summon Lightning Spire   Summ/Air       7%         N/A       65%         4
 Summon Forest            Summ/Tloc      3%         N/A       94%         5
 Storm Form               Tmut/Air       17%        N/A       99%         7
 Death Channel            Necr           3%         N/A       100%        6
 Ozocubu's Refrigeration  Ice            13%        4d7       100%        7
 Summon Hydra             Summ           3%         N/A       100%        7
 Discord                  Hex            3%         N/A       100%        8
 Ignition                 Fire           14%        3d6       100%        8
 Maxwell's Capacitive Co  Air            3%         ∞         100%        8


Dungeon Overview and Level Annotations

Branches:
Dungeon (15/15)            Temple (1/1) D:5            Lair (6/6) D:9
 Shoals (0/4) Lair:4       Spider (0/4) Lair:4        Slime (0/5) Lair:6
    Orc (2/2) D:9             Elf (0/3) Orc:2        Vaults (0/5) D:14
 Bailey (visited)
 Depths: D:15

Altars:
Cheibriados
Elyvilon
Hepliaklqana
Makhleb
Nemelex Xobeh
Okawaru
Qazlal
Ru
Sif Muna
Uskayaw
Wu Jian
Xom
Yredelemnul
Zin
Beogh
Lugonu

Shops:
D:5 =[=   D:10 =   Orc:2 =(:*

Portals:
Abyss: Lair:6

Annotations:
D:11 2 transporters, Metae's ghost, journeyman HOFi
D:15 Roxanne


Innate Abilities, Weirdness & Mutations

You are a living statue of rough stone.
Your actions are slow, but your melee attacks are powerful.
You are resistant to unholy torment.
Your maximum health is greatly increased.
You are immune to poison.
Your equipment is partially melded.
((You are quick and stealthy near water. (Stealth+, EV+, Speed+++)))
Your lower body shifts to a powerful aquatic tail in water.


Message History

Your +3 leather armour of poison resistance unmelds from your body.
You feel resistant to poison.
Casting: Statue Form (dangerous; 19% risk of failure)
Confirm with . or Enter, or press ? or * to list all spells.
You miscast Statue Form.
You are very lightly contaminated with residual magic.
You feel a surge of energy from the ground.
You start resting.
Magic restored.
Casting: Statue Form (dangerous; 19% risk of failure)
Confirm with . or Enter, or press ? or * to list all spells.
You turn into a living statue of rough stone.
Your +0 pair of gloves melds into your body.
Your +2 pair of boots melds into your body.
Your +3 leather armour of poison resistance melds into your body.
You no longer feel resistant to poison.
Really walk into a travel-excluded area?
Roxanne casts a spell.
You blink.
Found a pearl ring.
Unknown command.
Your magical contamination has completely faded away.
You pummel Roxanne!!
Roxanne is lightly damaged.
Roxanne casts a spell.
The crystal spear hits you!!!
You punch Roxanne!
Roxanne is moderately damaged.
Roxanne casts a spell.
The crystal spear hits you!!!!
* * * LOW HITPOINT WARNING * * *
You punch Roxanne!
Roxanne is moderately damaged.
Roxanne states, "You'll be worm food in some minutes, I'll endure aeons."
You pummel Roxanne!! You punch Roxanne.
Roxanne is heavily damaged.
Roxanne mumbles some strange words.
You blink.
Roxanne casts a spell.
The iron shot hits you!!!
You die...

.###..# #### #.# # #.
#..# ####...# #.# #
#... ......### #.# #
#.......###.#
#.#####...........#
#....§........# ..#
###.8.#.#...###
#=..#.#...##
#...8.......
########..###.##
##.####.#†.# ...
..###...##.#...### .##
........"..###.......#
...###.......#..#.##.#
# ##.##.#.#.##.#
#####....##.##
##########.#......


You could see Roxanne.

Vanquished Creatures
  Gastronok (D:8)
  The ghost of MrNoob the Stickfighter, a journeyman MiBe of Trog (Orc:2)
  A minotaur (Orc:2)
  2 merfolk javelineers (Orc:2)
  15 hydras
  2 boulder beetles
  Erolcha (Orc:1)
  3 vault guards (D:14)
  Erica (Orc:1)
  7 centaur warriors
  4 death yaks (Lair:6)
  A death knight (D:13)
  A tengu warrior (Orc:2)
  3 thrashing horrors (Lair:6)
  3 orc high priests (Orc:2)
  A skeletal warrior (D:12)
  A phantasmal warrior (D:12)
  A lindwurm (Lair:1)
  A deep elf archer (D:14)
  4 large abominations (Lair:6)
  A deep elf pyromancer (D:10)
  11 orc knights
  4 cyclopes
  10 ugly things
  6 orc sorcerers
  18 elephants
  5 manticores
  4 black mambas
  A merfolk siren (Lair:4)
  2 gargoyles
  6 cane toads
  2 rime drakes
  3 smoke demons (Lair:6)
  2 unseen horrors (D:10)
  8 komodo dragons
  A freezing wraith (D:14)
  An ancient zyme (Lair:6)
  4 trolls
  3 merfolk (Lair:4)
  A queen bee (Lair:2)
  5 polar bears
  Prince Ribbit (D:9)
  2 hornets
  8 slime creatures
  26 blink frogs
  2 ynoxinuls (Lair:6)
  A shadow (D:13)
  5 wraiths
  2 spriggans (Lair:6)
  3 wyverns (Lair:4)
  40 yaks
  A human (D:14)
  2 chaos spawn (Lair:6)
  3 steam dragons
  8 basilisks
  4 vampire mosquitoes (D:12)
  An acid dragon (D:11)
  A warg (Orc:2)
  10 water moccasins
  2 black bears
  29 orc warriors
  An ice beast (D:5)
  6 ogres
  18 centaurs
  23 wolves
  4 kobold brigands
  2 gnoll sergeants
  10 bullfrogs
  43 killer bees
  5 wights
  2 electric eels (D:9)
  9 small abominations (Lair:6)
  9 centaur zombies
  A bullfrog zombie (D:5)
  4 hounds
  11 orc priests
  2 centaur skeletons
  13 jellies (Lair:6)
  A bullfrog skeleton (D:6)
  An iguana (D:5)
  22 orc wizards
  Ijyb (D:4)
  A killer bee zombie (D:9)
  A hound skeleton (D:4)
  3 howler monkey zombies
  4 gnolls
  6 adders
  A river rat (D:4)
  3 white imps
  An adder skeleton (D:4)
  A worm (D:3)
  35 orcs
  7 ball pythons
  5 endoplasms
  4 giant cockroaches
  9 goblins
  5 hobgoblins
  10 jackals
  16 kobolds
  2 quokkas
  4 bats
  2 frilled lizards (D:1)
  7 rats
618 creatures vanquished.

Vanquished Creatures (others)
  An orc wizard (Orc:2)
  34 fungi
  49 plants
84 creatures vanquished.

Grand Total: 702 creatures vanquished

Notes
Turn   | Place    | Note
-------+----------+-------------------------------------------
     0 | D:1      | loralnil the Merfolk Transmuter began the quest for the
                  | Orb.
     0 | D:1      | Reached XP level 1. HP: 15/15 MP: 3/3
    44 | D:1      | Found a faded altar of an unknown god.
   186 | D:1      | Reached XP level 2. HP: 21/21 MP: 3/5
  1021 | D:2      | Reached XP level 3. HP: 25/26 MP: 4/6
  1024 | D:2      | Learned a level 2 spell: Wereblood
  1028 | D:2      | Learned a level 3 spell: Spider Form
  1215 | D:2      | Reached skill level 4 in Unarmed Combat
  2328 | D:3      | Noticed an ogre
  2336 | D:3      | Killed an ogre
  2337 | D:3      | Reached skill level 1 in Poison Magic
  2337 | D:3      | Reached XP level 4. HP: 32/32 MP: 3/7
  2337 | D:3      | Reached XP level 5. HP: 37/37 MP: 3/8
  2488 | D:3      | Found an ornate altar of the Wu Jian Council.
  3108 | D:3      | Learned a level 1 spell: Sting
  3140 | D:4      | Noticed an ogre
  3150 | D:4      | Killed an ogre
  3151 | D:4      | Reached skill level 5 in Unarmed Combat
  3151 | D:4      | Reached skill level 5 in Transmutations
  3151 | D:4      | Reached XP level 6. HP: 26/43 MP: 3/9
  3708 | D:4      | Noticed Ijyb
  3717 | D:4      | Killed Ijyb
  3832 | D:4      | Reached skill level 6 in Unarmed Combat
  3838 | D:4      | Reached XP level 7. HP: 24/48 MP: 1/10
  4867 | D:5      | Entered Level 5 of the Dungeon
  5239 | D:5      | Found a staircase to the Ecumenical Temple.
  5248 | Temple   | Entered the Ecumenical Temple
  5312 | Temple   | Became a worshipper of Makhleb the Destroyer
  5350 | D:5      | Reached skill level 7 in Unarmed Combat
  5548 | D:5      | Reached XP level 8. HP: 51/54 MP: 8/11
  5851 | D:5      | Found Lauhim's Jewellery Shop.
  5918 | D:5      | Found Iwnead's Armour Emporium.
  5926 | D:5      | Bought a +2 leather armour of poison resistance for 224
                  | gold pieces
  6012 | D:5      | Found Suupnuti's Jewellery Shop.
  6024 | D:5      | Found a stormy altar of Qazlal.
  6299 | D:5      | Found a snail-covered altar of Cheibriados.
  6358 | D:5      | Reached skill level 8 in Unarmed Combat
  6687 | D:6      | Learned a level 4 spell: Ice Form
  6722 | D:6      | Reached skill level 1 in Ice Magic
  6963 | D:6      | Found a shimmering altar of Xom.
  7528 | D:6      | Reached XP level 9. HP: 54/64 MP: 7/12
  7728 | D:7      | Reached skill level 5 in Dodging
  8018 | D:7      | Reached * piety under Makhleb
  8481 | D:6      | Reached skill level 5 in Fighting
  8703 | D:7      | Reached skill level 5 in Ice Magic
  9213 | D:8      | Noticed Gastronok
  9238 | D:8      | HP: 3/68 [river rat[Gastronok] (2)]
  9562 | D:8      | Killed Gastronok
  9563 | D:8      | Reached XP level 10. HP: 19/80 MP: 1/13
 10625 | D:8      | Noticed a manticore
 10640 | D:8      | HP: 3/80 [manticore (8)]
 10641 | D:8      | Killed a manticore
 10642 | D:8      | Reached skill level 10 in Dodging
 11573 | D:9      | Found a staircase to the Lair.
 11719 | D:9      | Found a hazy altar of Hepliaklqana.
 11720 | D:9      | Found a sparkling altar of Nemelex Xobeh.
 11726 | D:9      | Found a staircase to the Orcish Mines.
 12480 | D:9      | Reached ** piety under Makhleb
 12709 | D:9      | Noticed Prince Ribbit
 12721 | D:9      | Killed Prince Ribbit
 12722 | D:9      | Reached skill level 10 in Transmutations
 12846 | D:9      | Found a sacrificial altar of Ru.
 12939 | D:9      | Reached skill level 9 in Unarmed Combat
 12939 | D:9      | Reached XP level 11. HP: 87/87 MP: 16/16
 13227 | D:10     | Entered Level 10 of the Dungeon
 13248 | D:10     | Found Befeujai's Jewellery Boutique.
 13716 | D:10     | Noticed a deep elf pyromancer
 13726 | D:10     | Killed a deep elf pyromancer
 13796 | D:10     | Reached skill level 5 in Spellcasting
 13906 | D:10     | Noticed a centaur warrior
 13910 | D:10     | Noticed a centaur warrior
 13921 | D:10     | Killed a centaur warrior
 13922 | D:10     | Reached skill level 10 in Unarmed Combat
 13926 | D:10     | Noticed a cyclops
 13929 | D:10     | Killed a centaur warrior
 13937 | D:10     | Killed a cyclops
 14177 | D:10     | Found a white marble altar of Elyvilon.
 14797 | D:10     | Identified the +2 hand crossbow of the Everdark {vorpal,
                  | Fragile rF+ MP+9 Str+2}
 14798 | D:10     | Found the +7 sceptre of Torment {pain, torment}
 14803 | D:10     | Identified the -6 pair of gloves of Lehir {rF+++ Dex-3
                  | SInv}
 15090 | D:11     | Found a transporter.
 15091 | D:11     | Noticed a centaur warrior
 15098 | D:11     | Noticed Metae's ghost (journeyman HOFi)
 15100 | D:11     | Noticed a two-headed ogre
 15101 | D:11     | Noticed a cyclops
 15105 | D:11     | Noticed a six-headed hydra
 15160 | D:11     | Reached *** piety under Makhleb
 15349 | D:11     | Reached XP level 12. HP: 87/94 MP: 21/21
 15437 | D:11     | Found a transporter.
 15563 | D:11     | Noticed a seven-headed hydra
 15597 | D:11     | Killed a seven-headed hydra
 16036 | D:11     | You fall into a shaft and drop 3 floors!
 16096 | D:13     | Found a flagged portal.
 16107 | D:13     | Reached skill level 11 in Unarmed Combat
 16116 | Bailey   | Entered a bailey
 16330 | Bailey   | Identified the +10 arbalest of Taxation {freeze, *Slow
                  | rPois Will+ Int+2}
 16569 | Bailey   | Identified the ring of Eriol {rElec Int+6 Dex+3}
 16577 | Bailey   | Reached skill level 12 in Unarmed Combat
 16577 | Bailey   | Reached XP level 13. HP: 99/99 MP: 25/25
 16586 | Bailey   | Learned a level 6 spell: Statue Form
 16591 | Bailey   | Learned a level 4 spell: Olgreb's Toxic Radiance
 16700 | D:13     | Reached skill level 1 in Earth Magic
 17702 | D:11     | Reached **** piety under Makhleb
 17844 | D:11     | Reached skill level 13 in Unarmed Combat
 18187 | D:12     | Identified the +11 dagger of Conservatism {vorpal, Dex+2}
 19284 | D:13     | Reached skill level 5 in Earth Magic
 20437 | D:14     | Reached XP level 14. HP: 40/106 MP: 12/26
 20787 | D:14     | Reached skill level 5 in Poison Magic
 22342 | D:14     | Found a gate to the Vaults.
 22517 | D:15     | Entered Level 15 of the Dungeon
 22751 | Lair:1   | Entered Level 1 of the Lair of Beasts
 23101 | Lair:1   | Reached skill level 1 in Invocations
 24066 | Lair:2   | Found an ornate altar of the Wu Jian Council.
 24070 | Lair:2   | Found a hide-covered altar of Uskayaw.
 24282 | Lair:2   | Reached skill level 5 in Invocations
 24497 | Lair:2   | Reached ***** piety under Makhleb
 25778 | Lair:3   | Reached XP level 15. HP: 112/112 MP: 27/27
 26268 | Lair:4   | Found a staircase to the Shoals.
 26395 | Lair:4   | Found a hole to the Spider Nest.
 26576 | Lair:4   | Reached skill level 14 in Unarmed Combat
 26576 | Lair:4   | Reached XP level 16. HP: 118/118 MP: 28/28
 27969 | Lair:6   | Entered Level 6 of the Lair of Beasts
 28154 | Lair:6   | Found a staircase to the Slime Pits.
 28269 | Lair:6   | Reached skill level 15 in Unarmed Combat
 28285 | Lair:6   | Reached ****** piety under Makhleb
 28899 | Lair:6   | Identified the +10 morningstar "Eviscerator" {venom, +Blink
                  | Int+2}
 29083 | Lair:6   | Reached skill level 15 in Dodging
 29101 | Lair:6   | Found a corrupted altar of Lugonu.
 29101 | Lair:6   | Found a one-way gate to the infinite horrors of the Abyss.
 29224 | Lair:6   | Identified the +2 robe of Areinacs {-Cast Harm Will+
                  | Regen+}
 29233 | Lair:6   | Learned a level 3 spell: Ignite Poison
 29597 | Orc:1    | Entered Level 1 of the Orcish Mines
 29613 | Orc:1    | Found a shimmering blue altar of Sif Muna.
 29668 | Orc:2    | Entered Level 2 of the Orcish Mines
 29827 | Orc:2    | Reached skill level 1 in Fire Magic
 29951 | Orc:2    | Found a runed translucent gate.
 29951 | Orc:2    | Found a runed translucent gate.
 29952 | Orc:2    | Found a runed translucent gate.
 30064 | Orc:2    | Found a staircase to the Elven Halls.
 30231 | Orc:1    | Noticed Erica
 30254 | Orc:1    | Killed Erica
 30255 | Orc:1    | Reached skill level 16 in Unarmed Combat
 30255 | Orc:1    | Reached XP level 17. HP: 124/124 MP: 29/29
 30315 | Orc:1    | Noticed Erolcha
 30321 | Orc:1    | Killed Erolcha
 30584 | Orc:2    | Paralysed by an orc sorcerer for 4 turns
 30850 | Orc:2    | Found Docwoorghe's Book Boutique.
 30850 | Orc:2    | Found Ecuyrax's General Store.
 30935 | Orc:2    | Found Gom Pes's Antique Weapon Emporium.
 30935 | Orc:2    | Found Eremahae's Jewellery Boutique.
 30941 | Orc:2    | Bought a scroll of fear for 49 gold pieces
 30941 | Orc:2    | Bought a scroll of identify for 28 gold pieces
 30941 | Orc:2    | Bought a scroll of identify for 28 gold pieces
 30941 | Orc:2    | Bought a scroll of teleportation for 42 gold pieces
 30948 | Orc:2    | Bought Sif Muna's Guide on Transmigration and Air for 560
                  | gold pieces
 31018 | Orc:2    | Identified the +6 executioner's axe "Ogrebane" {freeze, rC+
                  | Dex+2}
 31032 | Orc:2    | Noticed MrNoob's ghost (journeyman MiBe)
 31035 | Orc:2    | Found an iron altar of Okawaru.
 31221 | Orc:2    | Killed MrNoob's ghost
 31222 | Orc:2    | Reached skill level 5 in Fire Magic
 31770 | D:15     | Identified Roxanne's Papyrus of the Mountains
 31770 | D:15     | Noticed Roxanne
 31856 | D:15     | Killed from afar by Roxanne

Illustrated notes

Levels and vault maps discovered:
D:1:      minmay_arrival_four_circles, layout_loops_ring,
          ebering_ecumenical_altar_rust
D:2:      layout_basic, guppyfry_early_lair_pool
D:3:      layout_loops_ring, lemuel_round_altar, kennysheep_donut
D:4:      layout_loops_cross, gup_sewer_entry_bubbles, lightli_minifort,
          uniq_ijyb
D:5:      layout_loops_ring, general_overflow_altar,
          lemuel_coloured_pillars_altar, minmay_temple_entry_antechambers,
          serial_shops, nicolae_inconvenience_store, shop, shop
D:6:      layout_rooms, mainiacjoe_overflow_small_starburst
D:7:      layout_loops_ring
D:8:      layout_basic, uniq_gastronok
D:9:      layout_loops_corners, nicolae_ru_the_path_less_chosen,
          chequers_temple_overflow_statue_of_worship, dpeg_oklobed_lair,
          chequers_big_river, kennysheep_generic_room_2, uniq_prince_ribbit1
D:10:     minmay_the_grid_octo_2x2 [minmay_the_grid_octo_focus,
          minmay_the_grid_octo_checkered, minmay_the_grid_octo_checkerflower,
          minmay_the_grid_octo_prize_single_spiral], layout_basic,
          mainiacjoe_overflow_alcove_1, serial_shops, shop_statue
D:11:     layout_rooms, nzn_ghost_randoct, minmay_microvault
D:12:     layout_basic
D:13:     layout_loops_ring, enter_bailey_2
D:14:     layout_basic, grunt_vaults_entry_fortified,
          chequers_serial_rivers_small_a
D:15:     grunt_enter_depths_giant_problem, layout_loops_ring, uniq_roxanne,
          uniq_kirke
Temple:   dpeg_chambers_temple
Lair:1:   layout_cave_shapes
Lair:2:   layout_roguey [special_room_bee], nzn_masters_of_martial_movement,
          grunt_megastairs_4
Lair:3:   layout_hall_layers, mumra_transporter_accident
Lair:4:   layout_misc_corridors, elwin_shoals_entry_stream, dummy_spider_entry,
          beast_lair_carwin_4
Lair:5:   layout_layer_cave
Lair:6:   hellmonk_lair_end_abyssal_woods, layout_long_grid,
          minmay_slime_entry_jelly_boxes, minivault_24, grunt_megastairs_5
Orc:1:    layout_caves, basic_altar, enter_volcano_4, kennysheep_orc_sif_temple,
          uniq_erica, uniq_erolcha
Orc:2:    grunt_orc_tribal_feast, layout_caves, gammafunk_ghost_fury_of_okawaru

Skill      XL: |  1  2  3  4  5  6  7  8  9 10 11 12 13 14 15 16 17 |
---------------+----------------------------------------------------+-----
Transmutations | 3 4 5 6 8 9 10 12 13 14 | 14.0
Unarmed Combat | 4 5 6 7 8 9 10 12 13 14 16 | 16.0
Poison Magic   | 1 2 4 8 |  8.0
Dodging        | 4 9 10 12 15 | 15.0
Ice Magic      | 3 5 |  5.0
Fighting       | 3 7 8 |  8.4
Spellcasting   | 3 6 8 |  8.3
Earth Magic    | 5 8 |  8.0
Invocations    | 8 |  8.0
Fire Magic     | 1 5 |  5.4

Action                   |  1- 3 |  4- 6 |  7- 9 | 10-12 | 13-15 | 16-18 || total
-------------------------+-------+-------+-------+-------+-------+-------++-------
Melee: Unarmed           |   113 |    69 |   309 |   449 |   722 |   425 ||  2087
       Headbutt          |    13 |     2 |    25 |    12 |     4 |       ||    56
       Punch             |     1 |       |     2 |     3 |    13 |    30 ||    49
       Tailslap          |       |       |       |     1 |       |       ||     1
 Cast: Beastly Appendage |    27 |     4 |    17 |    10 |     3 |       ||    61
       Spider Form       |     1 |     5 |    26 |    24 |    14 |       ||    70
       Sting             |       |    15 |    25 |    19 |     2 |       ||    61
       Ice Form          |       |       |       |    12 |    28 |     1 ||    41
       Statue Form       |       |       |       |       |    17 |    44 ||    61
       Olgreb's Toxic Ra |       |       |       |       |     4 |    52 ||    56
       Ignite Poison     |       |       |       |       |       |     8 ||     8
  Use: Scroll            |       |       |     9 |     6 |     9 |     3 ||    27
       Potion            |       |       |     3 |     2 |     2 |     1 ||     8
 Stab: Sleeping          |     4 |     1 |       |     3 |     3 |     2 ||    13
       Distracted        |       |       |       |       |     1 |       ||     1
Armor: Robe              |    29 |     2 |    14 |       |       |       ||    45
       Leather armour    |       |       |    25 |    17 |     4 |    12 ||    58
       Skin              |       |       |     8 |    59 |   212 |   235 ||   514
Dodge: Dodged            |    74 |    35 |   329 |   510 |   954 |   734 ||  2636
Block: Other             |       |       |       |       |       |     5 ||     5
